 Dungeon Crawl Stone Soup version 0.24.0-1-gfbc8707122 (webtiles) character file.

Game seed: 2841263280682994879, levelgen mode: deterministic

803 iamserjio the Ducker (level 7, -1/52 HPs)
             Began as an Octopode Chaos Knight on Oct 28, 2019.
             Was a Plaything of Xom.
             Shot with an arrow by a centaur (16 damage)
             ... on level 5 of the Dungeon.
             The game lasted 00:04:22 (4266 turns).

iamserjio the Ducker (Octopode Chaos Knight)        Turns: 4266, Time: 00:04:22

Health: -1/52      AC:  1    Str: 12    XL:     7   Next: 91%
Magic:  7/7        EV: 17    Int: 14    God:    Xom [......]
Gold:   156        SH:  0    Dex: 13    Spells: 6/6 levels left

rFire    . . .     SeeInvis .   p - +2 dagger (venom)
rCold    . . .     Gourm    .   (no shield)
rNeg     . . .     Faith    .   (helmet restricted)
rPois    .         Spirit   .   (no amulet)
rElec    .         Reflect  .   (no ring)
rCorr    .         Harm     .   (no ring)
MR       .....                  (no ring)
Stlth    ++........             (no ring)
HPRegen  0.17/turn              (no ring)
MPRegen  0.10/turn              (no ring)
                                (no ring)
                                (no ring)

@: no status effects
A: almost no armour, stealthy swim, amphibious, 8 rings, constrict 8, camouflage
1, gelatinous body 1
a: Renounce Religion


You were on level 5 of the Dungeon.
You worshipped Xom.
You were a very special plaything of Xom.
You were not hungry.

You visited 1 branch of the dungeon, and saw 5 of its levels.

You collected 156 gold pieces.

Inventory:

Hand Weapons
 a - a +0 short sword of chaos
 p - a +2 dagger of venom (weapon)
 y - a +2 dagger of protection
 A - a +0 rapier
 D - a cursed +3 trident
Missiles
 j - 51 stones
 r - 12 poisoned darts (quivered)
 x - 19 arrows
Armour
 e - a +2 hat
Jewellery
 z - a +4 ring of slaying {unknown}
Wands
 B - a wand of random effects (21)
 C - a wand of acid (2)
Scrolls
 d - a scroll of enchant armour {unknown}
 i - 2 scrolls of identify {unknown}
 k - a scroll of immolation {unknown}
 l - a scroll of teleportation {unknown}
 m - 5 scrolls of remove curse {unknown}
 s - 6 scrolls of enchant weapon {unknown}
 t - a scroll of fog {unknown}
Potions
 c - 3 potions of degeneration {unknown}
 f - 2 potions of haste {unknown}
 g - a potion of mutation {unknown}
 h - 2 potions of agility {unknown}
 n - 2 potions of heal wounds {unknown}
 o - 2 potions of lignification {unknown}
 q - 2 potions of curing {unknown}
 u - a potion of invisibility {unknown}
 w - a potion of magic {unknown}
Comestibles
 b - 7 rations
 v - 5 chunks of flesh


   Skills:
 + Level 6.2 Fighting
 - Level 3.0 Short Blades
 - Level 7.0 Dodging


You had 6 spell levels left.
You didn't know any spells.
Your spell library was empty.

Dungeon Overview and Level Annotations

Branches:
Dungeon (5/15)
 Temple: D:4-7

Altars:
Xom

Shops:
D:4 (


Innate Abilities, Weirdness & Mutations

You cannot wear most types of armour.
You are very stealthy in the water. (Stealth+)
You are amphibious.
You can wear up to eight rings at the same time.
You can use your tentacles to constrict eight enemies at once.
Your skin changes colour to match your surroundings (Stealth+).
Your rubbery body absorbs attacks. (AC +1, EV +1)


Message History

Aiming: Corrosive Bolt
Aim: a centaur The bolt of acid hits the shadow imp!
The shadow imp is splashed with acid.
The acid corrodes the shadow imp!
You kill the shadow imp!
The bolt of acid hits the centaur!
The centaur is splashed with acid.
The centaur wields a +0 shortbow.
The centaur shoots an arrow.
The arrow misses you.
The centaur shoots an arrow.
The arrow hits you!
* * * LOW HITPOINT WARNING * * *
Aiming: Corrosive Bolt
Aim: a centaur, wielding a +0 shortbow (severely wounded)
The bolt of acid hits the centaur!
The centaur is splashed with acid.
The acid corrodes the centaur!
You kill the centaur!
You feel your dexterity returning.
Your Fighting skill increases to level 6!
The centaur wields a +1 shortbow of velocity.
The centaur shoots an arrow.
The arrow hits you!
You die...
Xom titters!

###########
#.....##((#
#..c.@###
##...##
#..## #.(#
#....
......
.......
.....##.


You could see a centaur.

Vanquished Creatures
  Eustachio (D:4)
  A centaur (D:5)
  3 wights (D:4)
  3 hounds (D:4)
  3 orc priests (D:4)
  2 orc wizards (D:4)
  2 iguanas (D:4)
  A worker ant (D:4)
  6 adders
  A shadow imp (D:5)
  An ooze (D:1)
  An adder skeleton (D:4)
  2 worms
  2 dart slugs
  2 leopard geckos (D:3)
  10 orcs
  4 giant cockroaches
  7 hobgoblins
  2 jackals (D:4)
  3 quokkas
  A ball python (D:1)
  8 bats
  2 frilled lizards
  4 goblins
  6 kobolds
  6 rats
84 creatures vanquished.

Notes
Turn   | Place    | Note
-------+----------+-------------------------------------------
     0 | D:1      | iamserjio the Octopode Chaos Knight began the quest for the
                  | Orb.
     0 | D:1      | Reached XP level 1. HP: 16/16 MP: 1/1
    69 | D:1      | XOM: silly message
   241 | D:1      | Reached XP level 2. HP: 18/21 MP: 2/2
   331 | D:1      | Reached skill level 3 in Dodging
   465 | D:1      | XOM: silly message
   718 | D:1      | XOM: cast spell 'Olgreb's Toxic Radiance'
   784 | D:1      | Reached XP level 3. HP: 26/26 MP: 3/3
   850 | D:1      | You fall into a shaft and drop 1 floor!
   861 | D:2      | XOM: cast spell 'Cause Fear'
  1581 | D:2      | XOM: scenery: create altars
  1965 | D:3      | Reached XP level 4. HP: 31/32 MP: 4/4
  2116 | D:3      | Reached skill level 4 in Dodging
  2130 | D:3      | XOM: harmless Chrm miscast
  2804 | D:3      | XOM is BORED!
  2804 | D:3      | XOM: summons 2 hostile demons
  2868 | D:4      | Reached XP level 5. HP: 24/37 MP: 5/5
  2964 | D:4      | XOM: god gift: trident {god gift}
  3118 | D:4      | XOM: scenery: create altars
  3146 | D:4      | Noticed Eustachio
  3154 | D:4      | Killed Eustachio
  3154 | D:4      | Reached skill level 5 in Dodging
  3154 | D:4      | Reached XP level 6. HP: 44/44 MP: 6/6
  3327 | D:4      | Reached skill level 6 in Dodging
  3336 | D:4      | Reached skill level 5 in Fighting
  3336 | D:4      | Reached XP level 7. HP: 21/50 MP: 7/7
  4006 | D:4      | XOM: harmless Tmut miscast
  4053 | D:4      | Reached skill level 7 in Dodging
  4168 | D:4      | Found Penuipua's Antique Weapon Emporium.
  4172 | D:4      | XOM: summons 3 hostile demons
  4173 | D:4      | Noticed a chaos spawn
  4173 | D:4      | Noticed a hellwing
  4179 | D:5      | Entered Level 5 of the Dungeon
  4266 | D:5      | Shot with an arrow by a centaur

Levels and vault maps discovered:
D:1:      tarquinn_simple_flora_water_b, layout_basic
D:2:      layout_loops_ring
D:3:      layout_loops_cross
D:4:      layout_basic, serial_shops, shop, uniq_eustachio
D:5:      layout_layer_cave, grunt_temple_overflow_order_and_chaos_2,
          grunt_temple_overflow_open, first_ration

Skill      XL: |  1  2  3  4  5  6  7 |
---------------+----------------------+-----
Dodging        | 3 4 5 6 7 |  7.0
Fighting       | 4 5 6 |  6.2
Short Blades   | |  3.0

Action                   |  1- 3 |  4- 6 |  7- 9 || total
-------------------------+-------+-------+-------++-------
Melee: Short sword       |    45 |       |       ||    45
       Constrict         |    16 |    19 |    11 ||    46
       Tentacles         |    13 |    20 |    11 ||    44
       Dagger            |    31 |    82 |    41 ||   154
Throw: Stone             |       |     1 |       ||     1
       Dart              |       |       |     1 ||     1
Evoke: Wand              |       |       |     4 ||     4
 Stab: Sleeping          |     5 |     5 |       ||    10
  Eat: Chunk             |     3 |     4 |     3 ||    10
Armor: Skin              |     6 |     3 |       ||     9
Dodge: Dodged            |    46 |    43 |    25 ||   114
